 Dungeon Crawl Stone Soup version 0.31-a0-174-g85c54bcb58 (webtiles) character file.

Game seed: 17066796036856430228

124 qw the Shooter (level 5, 0/32 HPs)
             Began as a Gargoyle Hunter on June 15, 2023.
             Slain by a bullfrog (1 damage)
             ... in a sewer.
             The game lasted 00:00:57 (1537 turns).

qw the Shooter (Gargoyle Hunter)                    Turns: 1537, Time: 00:00:57

Health: 0/32       AC:  9    Str: 15    XL:     5   Next: 8%
Magic:  5/5        EV: 11    Int:  9    God:
Gold:   68         SH:  0    Dex: 15    Spells: 4/4 levels left

rFire   . . .        Y - +0 shortbow
rCold   . . .        (shield currently unavailable)
rNeg    + . .        i - +0 ring mail
rPois   inf          (no helmet)
rElec   +            (no cloak)
rCorr   .            (no gloves)
SInv    .            (no boots)
Will    .....        (no amulet)
Stlth   +            (no ring)
HPRegen 0.25/turn    (no ring)
MPRegen 0.09/turn

%: no passive effects
@: about to teleport
A: sickness immunity, AC +4, negative energy resistance 1, electricity
resistance, torment resistance 1, petrification resistance
a: no special abilities


You were in a sewer.
You visited 1 branch of the dungeon, and saw 3 of its levels.
You also visited: Sewer.

You collected 68 gold pieces.


Innate Abilities, Weirdness & Mutations

You are immune to sickness and miasma.
Your stone body is resilient. (AC +4)
You are immune to poison.
You resist negative energy. (rN+)
You are resistant to electric shocks. (rElec)
You are resistant to unholy torment.
You are immune to petrification.


   Skills:
 - Level 3.0 Fighting
 + Level 5.6 Ranged Weapons
 - Level 1.5 Armour
 - Level 1.5 Dodging
 - Level 1.1 Stealth


You had 4 spell levels left.
You didn't know any spells.
Your spell library was empty.

Inventory:

Hand Weapons
 Y - a +0 shortbow (weapon)
Armour
 i - a +0 ring mail (worn)
Scrolls
 h - a scroll of identify
Potions
 b - a potion of enlightenment {unknown}
 c - a potion of heal wounds {unknown}
 d - a potion of magic
 f - a potion of curing
 g - a potion of haste {unknown}

Dungeon Overview and Level Annotations

Branches:
Dungeon (3/15)              Sewer (1/1)

Altars:
Sif Muna
Xom

Shops:
D:2 =


Message History

You shoot an arrow. The ball python hisses angrily.
The arrow hits the bullfrog.
The bullfrog is moderately wounded.
The bullfrog hits you. The bullfrog closely misses you. x2
You shoot an arrow.
The arrow hits the bullfrog but does no damage.
The bullfrog is moderately wounded.
The bullfrog hits you. The bullfrog barely misses you.
The bullfrog closely misses you. The bullfrog misses you.
You shoot an arrow.
The arrow hits the bullfrog but does no damage.
The bullfrog is moderately wounded.
The bullfrog hits you. The bullfrog barely misses you. x2
You shoot an arrow. The arrow hits the bullfrog.
The bullfrog is moderately wounded.
The bullfrog hits you but does no damage.
The bullfrog barely misses you. x2
The bullfrog hits you but does no damage.
You shoot an arrow. The arrow hits the bullfrog.
The bullfrog is moderately wounded.
The bullfrog barely misses you.
The bullfrog hits you but does no damage.
The endoplasm jiggles.
The bullfrog hits you but does no damage.
The bullfrog hits you.
You shoot an arrow. The arrow closely misses the bullfrog.
The bullfrog hits you but does no damage. x2
The bullfrog barely misses you.
The bullfrog hits you but does no damage.
You shoot an arrow. The arrow closely misses the bullfrog.
The bullfrog hits you. x2
The bullfrog snags a nearby centipede with its tongue.
The bullfrog hits you.
The bullfrog hits you but does no damage.
1537 ||| READING scroll of teleportation.
As you read the scroll of teleportation, it crumbles to dust.
You feel strangely unstable. The bullfrog barely misses you.
The bullfrog hits you. x2
You die...

~~~#.~## ##~~#~~~#..#
~~##~~# #~~###~#~~#
~.#~~## ##%..#~#~%#
~~#~~# #.~\#%#~~# .%#~~#
#~.~#~#~~# ~~#.~#
#~.##.#.~# ~~#%~#
#~.#~~#~~# ~~#~~#
#.~#..#~.# ~~#.~##
#@.#...~~# .~##.~#
~..~JSFF.#~~~~~# ~~~#~~##
~~~~%.B###.~~.~#
#~~#~~.##~~.~~###~#######
#%~##~~~#######~~~~~#
#~.~#~~~.~.~~~~~~~~~#
##~~##~~.~~~..~##%.##
#.~~##~~~~~~~##~~##
#~~~~###.~~###~~.#


You could see 2 bullfrogs, an endoplasm, a giant cockroach and a ball python.

Vanquished Creatures
  Natasha (D:2)
  3 adders
  A dart slug (D:2)
  8 endoplasms
  8 giant cockroaches
  3 hobgoblins
  2 kobolds (D:1)
  11 quokkas
  10 ball pythons
  5 bats
  6 frilled lizards
  3 goblins
  4 rats
65 creatures vanquished.

Notes
Turn   | Place    | Note
-------+----------+-------------------------------------------
     0 | D:1      | qw the Gargoyle Hunter began the quest for the Orb.
     0 | D:1      | Reached XP level 1. HP: 12/12 MP: 1/1
     0 | D:1      | 0 ||| qw: Version: 0.2-a-29-g511e9b1
     0 | D:1      | 0 ||| qw: Game counter: 5385
     0 | D:1      | 0 ||| qw: Always use a shield: true
     0 | D:1      | 0 ||| qw: God list: Okawaru
     0 | D:1      | 0 ||| qw: Allow faded altars: false
     0 | D:1      | 0 ||| qw: Do Orc after D:15 true
     0 | D:1      | 0 ||| qw: Do second Lair branch before Depths: true
     0 | D:1      | 0 ||| qw: Lair rune preference: random
     0 | D:1      | 0 ||| qw: Plans: Normal, Zot:1-4, Slime:5, God:TSO, Crypt,
                  | Tomb, Abyss, Pan, Hells, Win
     0 | D:1      | 0 ||| PLANNING D:1-11
   107 | D:1      | Reached XP level 2. HP: 17/17 MP: 2/2
   406 | D:1      | Found a faded altar of an unknown god.
   415 | D:1      | 415 ||| UPGRADING to +0 ring mail.
   425 | D:1      | 425 ||| DROPPING +0 leather armour.
   426 | D:1      | 426 ||| READING scroll labelled TOBEPT TAES.
   427 | D:1      | 427 ||| READING 2 scrolls labelled DYTTIH HU OHUN.
   430 | D:1      | 430 ||| READING scroll labelled VUROPR ACYJ.
   431 | D:1      | 431 ||| READING scroll labelled XATADY ADOA.
   443 | D:1      | 443 ||| DROPPING scroll of butterflies.
   661 | D:2      | Reached skill level 1 in Armour
   712 | D:2      | Reached XP level 3. HP: 21/21 MP: 3/3
   775 | D:2      | Found a shimmering altar of Xom.
   836 | D:2      | Noticed Natasha
   844 | D:2      | Killed Natasha
   845 | D:2      | Reached skill level 5 in Ranged Weapons
   860 | D:2      | Found Ponteducop's Jewellery Emporium.
   868 | D:2      | 868 ||| SHOPLISTING +6 ring of strength (468 gold, have
                  | 64).
   868 | D:2      | 868 ||| SHOPLISTING ring "Tuid" {*Slow +Blink rPois Dex+6
                  | Stlth+} (668 gold, have 64).
   868 | D:2      | 868 ||| SHOPLISTING ring of fire (325 gold, have 64).
   911 | D:2      | Reached XP level 4. HP: 26/26 MP: 4/4
  1151 | D:2      | 1151 ||| READING 3 scrolls labelled UQE UKAPOLATUV.
  1152 | D:2      | 1152 ||| DRINKING 2 silvery potions.
  1153 | D:2      | 1153 ||| DRINKING 2 metallic grey potions.
  1154 | D:2      | 1154 ||| DROPPING 2 scrolls of blinking.
  1178 | D:3      | 1178 ||| PLANNING SEWER
  1183 | D:3      | Found a shimmering blue altar of Sif Muna.
  1239 | D:3      | Found a glowing drain.
  1244 | D:3      | 1244 ||| Stepping ~*~*~tactically~*~*~ (water).
  1260 | Sewer    | Entered a sewer
  1263 | Sewer    | Reached skill level 3 in Fighting
  1300 | Sewer    | 1300 ||| Stepping ~*~*~tactically~*~*~ (water).
  1304 | Sewer    | 1304 ||| Stepping ~*~*~tactically~*~*~ (water).
  1375 | Sewer    | 1375 ||| Stepping ~*~*~tactically~*~*~ (water).
  1410 | Sewer    | 1410 ||| Stepping ~*~*~tactically~*~*~ (water).
  1433 | Sewer    | 1433 ||| Stepping ~*~*~tactically~*~*~ (water).
  1461 | Sewer    | 1461 ||| Stepping ~*~*~tactically~*~*~ (water).
  1510 | Sewer    | Reached XP level 5. HP: 31/32 MP: 5/5
  1536 | Sewer    | HP: 7/32 [bullfrog (4)]
  1537 | Sewer    | 1537 ||| READING scroll of teleportation.
  1537 | Sewer    | HP: 1/32 [bullfrog (3)]
  1537 | Sewer    | Slain by a bullfrog

Levels and vault maps discovered:
D:1:      co_arrival_square_in_a_square_in_a_square, layout_rooms,
          chequers_ecumenical_altar_simple
D:2:      layout_basic, serial_shops, shop, basic_altar, uniq_natasha
D:3:      layout_loops_ring, mainiacjoe_overflow_chevrons,
          nicolae_dithmenos_through_a_glass_darkly,
          mainiacjoe_overflow_boulevard, portal_sewer_entry_f
Sewer:    sewer_frog_island_02

Skill      XL: |  1  2  3  4 |
---------------+-------------+-----
Armour         | 1 |  1.5
Ranged Weapons | 5 |  5.6
Fighting       | 3 |  3.0
Dodging        | |  1.5
Stealth        | |  1.1

Action                     |  1- 3 |  4- 6 || total
---------------------------+-------+-------++-------
   Fire: Shortbow          |    86 |   151 ||   237
    Use: Scroll            |     4 |     2 ||     6
         Potion            |       |     2 ||     2
 Armour: Leather armour    |     7 |       ||     7
         Ring mail         |     5 |    52 ||    57
  Dodge: Dodged            |    23 |    59 ||    82

Table legend:
 A = Non-vault XP
 B = Vault XP
 C = Vault XP percentage of total XP
 D = Non-vault monster count
 E = Vault monster count
 F = Vault count percentage of total count
                 A         B        C        D         E       F
            +---------+---------+-------+---------+---------+-------
      Total |      69 |     109 |  61.2 |      28 |      37 |  56.9
            +---------+---------+-------+---------+---------+-------
        D:1 |      15 |       0 |   0.0 |      11 |       0 |   0.0
        D:2 |      50 |      35 |  41.2 |      15 |       1 |   6.2
        D:3 |       4 |      10 |  71.4 |       2 |       5 |  71.4
      Sewer |       0 |      64 | 100.0 |       0 |      31 | 100.0
            +---------+---------+-------+---------+---------+-------
